 Dungeon Crawl Stone Soup version 0.30.0-29-ga12c61a403 (webtiles) character file.

Game seed: 18180114945032400215

176793 boopmooplesden the Impaler (level 17, -1/157 (163) HPs)
             Began as a Black Draconian Berserker on June 22, 2023.
             Was a High Priest of Trog.
             Succumbed to a nagaraja's poison arrow
             ... on level 4 of the Snake Pit.
             The game lasted 00:57:22 (31890 turns).

boopmooplesden the Impaler (DrBe)                  Turns: 31890, Time: 00:57:23

HP:   -1/157 (163)  AC: 18    Str: 45    XL:     17   Next: 52%
MP:   0/17          EV: 25    Int: 13    God:    Trog [*****.]
Gold: 1385          SH:  0    Dex: 21    Spells: 16/16 levels left

rFire   + + .        B - +6 glaive of Arphyim {flame, Str+3 Dex+3}
rCold   + + .        (shield currently unavailable)
rNeg    + . .        (body armour unavailable)
rPois   +            k - +1 hat of the Intense God {rElec rPois rC+ Str+4}
rElec   +            g - scarf {rC+ rF+}
rCorr   .            W - +0 pair of gloves of the Distant Future {Contam Rampage rElec Str+7}
SInv    .            t - +2 pair of boots
Will    ++++.        w - amulet "Robetherch" {Spirit +Inv Str+2 Int+2 Dex+2}
Stlth   ++++         m - ring "Wyisiah" {Will+ AC+4 Str+8}
HPRegen 1.46/turn    U - ring of Coul {rF+ rN+ Int+2}
MPRegen 0.15/turn

%: guardian spirit, rampage
@: lethally poisoned (-1 -> -5), weakened, strong-willed, on berserk cooldown,
flying, regenerating, slowed, studying 4 skills, lightly drained, very slow
A: breathe lightning, AC +9, unfitting armour, big wings, electricity
resistance, cold-blooded
a: Breathe Lightning, Renounce Religion, Evoke Invisibility, Berserk, Trog's
Hand, Brothers in Arms


You were on level 4 of the Snake Pit.
You worshipped Trog.
Trog was extremely pleased with you.
You visited 4 branches of the dungeon, and saw 26 of its levels.
You also visited: Ossuary, Bailey and Gauntlet.

You collected 2425 gold pieces.
You spent 1040 gold pieces at shops.

Inventory:

Hand Weapons
 a - a +4 demon trident of flaming
 o - a +5 heavy glaive
 p - a +9 trident
 x - the +3 glaive of Foolhardiness {flame, Fly rF+ Will- Stlth+}
   (Trog gifted it to you on level 3 of the Lair of Beasts)

   rF:        It protects you from fire.
   Fly:       It grants you flight.
   Will:      It decreases your willpower.
   Stlth:     It makes you more stealthy.
 B - the +6 glaive of Arphyim (weapon) {flame, Str+3 Dex+3}
   (You found it on level 5 of the Lair of Beasts)

   Str:       It affects your strength (+3).
   Dex:       It affects your dexterity (+3).
 M - the +6 halberd of Seikain {heavy, rElec rF+++ rC- Dex-2}
   (Trog gifted it to you on level 5 of the Lair of Beasts)

   Dex:       It affects your dexterity (-2).
   rF:        It renders you almost immune to fire.
   rC:        It makes you vulnerable to cold.
   rElec:     It insulates you from electricity.
 R - the +4 trident "Omnosuad" {flame, SInv}
   (You took it off an orc on level 11 of the Dungeon)

   SInv:      It lets you see invisible.
 S - the +0 sling "Quit" {freeze, rC+}
   (You found it on level 10 of the Dungeon)

   rC:        It protects you from cold.
Missiles
 i - 5 silver javelins
 j - 7 throwing nets
 l - 10 javelins (quivered)
Armour
 g - a scarf of resistance (worn)
 k - the +1 hat of the Intense God (worn) {rElec rPois rC+ Str+4}
   (You acquired it on level 3 of the Dungeon)

   Str:       It affects your strength (+4).
   rC:        It protects you from cold.
   rElec:     It insulates you from electricity.
   rPois:     It protects you from poison.
 t - a +2 pair of boots (worn)
 y - a scarf of harm
 N - the +3 Mad Mage's Maulers {Infuse+∞ VampMP -Cast}
   (You found it on level 2 of the Orcish Mines)

   Infuse+∞: It empowers its wearer's blows with all of their magic.
   VampMP:    Blows struck in melee replenish the wearer's magic.
   -Cast:     It prevents spellcasting.
 P - a +2 buckler
 W - the +0 pair of gloves of the Distant Future (worn) {Contam Rampage rElec Str+7}
   (You found it in a Gauntlet)

   Str:       It affects your strength (+7).
   rElec:     It insulates you from electricity.
   Contam:    It causes magical contamination when unequipped.
   Rampage:   It bestows one free step when moving towards enemies.
Jewellery
 h - a +5 ring of evasion
 m - the ring "Wyisiah" (left hand) {Will+ AC+4 Str+8}
   (You acquired it on level 3 of the Dungeon)

   [ring of protection]

   AC:        It affects your AC (+4).
   Str:       It affects your strength (+8).
   Will:      It increases your willpower.
 w - the amulet "Robetherch" (around neck) {Spirit +Inv Str+2 Int+2 Dex+2}
   (You found it on level 5 of the Dungeon)

   [amulet of guardian spirit]

   It causes incoming damage to be divided between your reserves of health and
   magic.
   Str:       It affects your strength (+2).
   Int:       It affects your intelligence (+2).
   Dex:       It affects your dexterity (+2).
   +Inv:      It lets you turn invisible.
 K - an amulet of the acrobat
 U - the ring of Coul (right hand) {rF+ rN+ Int+2}
   (You found it in a Gauntlet)

   [ring of protection from fire]

   Int:       It affects your intelligence (+2).
   rF:        It protects you from fire.
   rN:        It protects you from negative energy.
 Z - the ring of Cituc {*Slow rF+ rCorr Int-5 Slay+4}
   (You took it off a deep elf pyromancer on level 14 of the Dungeon)

   [ring of protection from fire]

   Int:       It affects your intelligence (-5).
   Slay:      It affects your accuracy & damage with ranged weapons and melee
   (+4).
   rF:        It protects you from fire.
   rCorr:     It protects you from acid and corrosion.
   *Slow:     It may slow you when you take damage.
Wands
 r - a wand of charming (48)
 E - a wand of polymorph (21)
 G - a wand of flame (67)
 H - a wand of mindburst (37)
 O - a wand of iceblast (13)
 Y - a wand of quicksilver (7)
Scrolls
 d - 5 scrolls of magic mapping
 n - 20 scrolls of identify
 z - 7 scrolls of teleportation
 F - a scroll of blinking
 I - 6 scrolls of silence
 J - 8 scrolls of fog
 X - 3 scrolls of fear
Potions
 b - 4 potions of haste
 c - 5 potions of flight
 e - 4 potions of resistance
 f - 8 potions of curing
 q - 3 potions of invisibility
 s - 4 potions of lignification
 u - a potion of ambrosia
 v - 6 potions of mutation
 A - 2 potions of cancellation
 C - 4 potions of magic
 D - 7 potions of might
 L - 7 potions of brilliance
 T - 3 potions of attraction {unknown}
Miscellaneous
 Q - a lightning rod (4/4)
 V - a tin of tremorstones (2/2)


   Skills:
 + Level 17.9 Fighting
 + Level 19.6 Polearms
 + Level 0.2 Throwing
 + Level 16.4 Dodging
 + Level 9.0 Stealth
 + Level 5.3 Shields


You had 16 spell levels left.
You didn't know any spells.
Your spell library was empty.

Dungeon Overview and Level Annotations

Branches:
Dungeon (15/15)            Temple (0/1) D:6            Lair (5/5) D:10
  Swamp (0/4) Lair:3        Snake (4/4) Lair:3        Slime (0/5) Lair:4
    Orc (2/2) D:12            Elf (0/3) Orc:2        Vaults (0/5) D:13
 Depths (0/4) D:15        Ossuary (visited)          Bailey (visited)
Gauntlet (visited)

Altars:
Dithmenos
Vehumet
Xom
Zin
The Shining One
Jiyva

Shops:
D:5 *   D:8 *!?   D:10 *   D:11 ?   Orc:1 (   Orc:2 [*:*:*   Snake:2 ==:


Innate Abilities, Weirdness & Mutations

You can breathe wild blasts of lightning.
Your glossy black scales are hard. (AC +9)
You cannot fit into any form of body armour.
Your large and strong wings let you fly.
You are resistant to electric shocks. (rElec)
You are cold-blooded and may be slowed by cold attacks.


Message History

You partially resist.
You feel drained.
* * * LOW HITPOINT WARNING * * *
The nagaraja hits you but does no damage.
The nagaraja constricts you.
* * * LOW HITPOINT WARNING * * *
You escape the nagaraja's grasp.
The naga sharpshooter no longer looks unusually strong. x2
The nagaraja casts a spell at you. You resist with almost no effort.
The naga sharpshooter casts a spell.
The naga sharpshooter magically shoots an arrow.
The arrow hits you!
* * * LOW HITPOINT WARNING * * *
Unknown command.
Unknown command.
Unknown command.
Unknown command.
Unknown command.
You feel a strong urge to attack something.
The nagaraja no longer looks unusually strong.
The nagaraja spits poison at you. The splash of poison misses you.
The nagaraja hits you from afar with a +0 spear.
* * * LOW HITPOINT WARNING * * *
The naga warrior roars a battlecry!
The nagas go into a battle-frenzy!
The naga sharpshooter shoots an arrow.
The arrow hits you.
* * * LOW HITPOINT WARNING * * *
The salamander mystic completely misses you.
The nagaraja points at you and mumbles some strange words.
The poison arrow hits you!
You are poisoned.
You partially resist.
* * * LOW HITPOINT WARNING * * *
Unknown command.
A naga ritualist comes into view. It is wielding a +0 short sword.
You feel your anger nearly subside.
You are no longer berserk.
You are exhausted.
You feel yourself slow down.
You die...

.. ............ ...
.......#... .
..#N...#N...N.. .. .
.N#N......... ...#.
#NNNN.⌠...###
....N##NN#N....^..##
...................#
.....#....#.....#..#
.... #..@..........#
#. #.....))......#
#......)......#
###.).##)..####
##.))...## ##......#
###.......#######
##.......).#.....###
#.........)..#.....##


You could see 2 nagarajas, 2 naga warriors, 5 naga sharpshooters, 2 salamander
mystics, a salamander (strong) and a naga ritualist (wandering, strong).

Vanquished Creatures
  A nagaraja (Snake:3)
  A fire giant (D:10)
  An orc warlord (Orc:1)
  A dire elephant (Lair:5)
  Azrael (D:13)
  A minotaur (Gauntlet)
  Snorg (D:11)
  An ettin (D:15)
  A crystal guardian (D:13)
  The ghost of PoweredByGinger the Severer, a journeyman MiGl of Okawaru (Orc:2)
  8 vault guards (D:13)
  The ghost of yolmi the Cleaver, a journeyman MiBe of Trog (Lair:1)
  A salamander tyrant (Snake:4)
  4 hydras
  Harold (D:11)
  Erolcha (D:11)
  6 boulder beetles
  8 anacondas
  5 centaur warriors
  6 two-headed ogres
  Erica (D:8)
  2 tengu warriors
  A dancing weapon (Orc:2)
  14 naga warriors
  5 orc high priests (Orc:2)
  3 death yaks (Lair:5)
  14 naga sharpshooters
  A shock serpent (Snake:2)
  A wretched star (Gauntlet)
  A salamander mystic (Snake:4)
  8 sea snakes (Snake:3)
  2 skysharks
  The ghost of jurchenman the Thaumaturge, a novice DEFE of Vehumet (D:8)
  A deep troll (D:15)
  A glowing orange brain (D:10)
  Pikel (D:6)
  6 naga ritualists
  A lindwurm (Lair:5)
  2 necromancers (D:15)
  A wolf spider (Lair:5)
  7 orc knights
  11 ugly things
  7 cyclopes
  10 salamanders
  2 orc sorcerers
  10 mana vipers
  4 deep elf pyromancers
  3 manticores
  6 guardian serpents
  23 elephants
  60 black mambas
  6 naga magi
  A torpor snail (Lair:5)
  3 rime drakes
  6 unseen horrors
  10 cane toads
  4 komodo dragons
  2 yaktaurs
  An ice devil (Gauntlet)
  4 kobold demonologists
  A tengu conjurer (D:13)
  2 freezing wraiths
  An anaconda simulacrum (D:14)
  8 trolls
  A troll (shapeshifter) (D:13)
  A queen bee (Gauntlet)
  3 tyrant leeches (Lair:3)
  11 polar bears
  3 hornets
  3 meliai (D:15)
  9 blink frogs
  7 raiju (Lair:5)
  13 slime creatures
  6 dream sheep (Lair:3)
  A dire elephant simulacrum (D:14)
  A vampire (D:13)
  18 wyverns
  3 wraiths
  4 fire elementals (D:13)
  49 yaks
  3 basilisks
  2 redbacks (Lair:5)
  3 steam dragons
  A minotaur simulacrum (D:14)
  9 wargs
  8 vampire mosquitoes
  34 nagas
  2 acid dragons
  A swamp worm (Lair:3)
  32 water moccasins
  A small abomination (Gauntlet)
  12 hell hounds
  2 sky beasts
  An ice beast (D:7)
  12 black bears
  28 orc warriors
  6 ogres
  33 wolves
  A boggart (D:10)
  An alligator simulacrum (D:14)
  7 centaurs
  3 lemures (D:6)
  13 kobold brigands
  9 bullfrogs
  A gnoll sergeant (D:7)
  2 scorpions
  8 wights
  14 killer bees
  3 electric eels
  3 howler monkeys
  A centaur zombie (Ossuary)
  2 jellies
  4 hounds
  33 orc priests
  A gnoll bouda (D:4)
  2 sleepcaps (D:6)
  2 iguanas
  Natasha (thrice) (D:3)
  16 orc wizards
  5 hell rats (Lair:2)
  4 mummies (Ossuary)
  15 gnolls
  2 adders
  13 river rats
  7 white imps
  An ufetubus (D:7)
  2 worms
  A dart slug (D:2)
  92 orcs
  5 bats
  6 endoplasms
  4 giant cockroaches
  A gnoll zombie (Ossuary)
  11 goblins
  4 hobgoblins
  6 jackals
  8 quokkas
  4 ball pythons
  A frilled lizard (D:3)
  A goblin zombie (Ossuary)
  2 hobgoblin zombies (Ossuary)
  15 kobolds
  3 kobold zombies (Ossuary)
  18 rats
993 creatures vanquished.

Vanquished Creatures (collateral kills)
  An orc knight (Bailey)
  An orc warrior (Bailey)
2 creatures vanquished.

Vanquished Creatures (others)
  An unseen horror (D:9)
  A vampire (D:9)
  A minotaur simulacrum (D:14)
  An alligator simulacrum (D:14)
  A deep troll simulacrum (D:14)
  A lindwurm simulacrum (D:14)
  A kobold (D:9)
7 creatures vanquished.

Grand Total: 1002 creatures vanquished

Notes
Turn   | Place    | Note
-------+----------+-------------------------------------------
     0 | D:1      | boopmooplesden the Draconian Berserker began the quest for
                  | the Orb.
     0 | D:1      | Reached XP level 1. HP: 19/19 MP: 1/1
    53 | D:1      | Reached XP level 2. HP: 13/26 MP: 2/2
   888 | D:2      | Reached XP level 3. HP: 31/33 MP: 3/3
   905 | D:2      | Reached ** piety under Trog
  1648 | D:3      | Noticed Natasha
  1664 | D:3      | Killed Natasha
  1665 | D:3      | Reached skill level 4 in Polearms
  1665 | D:3      | Reached skill level 1 in Stealth
  1665 | D:3      | Reached XP level 4. HP: 9/40 MP: 4/4
  2226 | D:3      | Noticed Natasha
  2243 | D:3      | Killed Natasha
  2421 | D:3      | Noticed Natasha
  2437 | D:3      | Killed Natasha
  2438 | D:3      | Reached XP level 5. HP: 40/47 MP: 5/5
  2569 | D:3      | Identified 2 scrolls of acquirement
  2569 | D:3      | Acquired the ring "Wyisiah" {Will+ AC+4 Str+8}
  2572 | D:3      | Acquired the +1 hat of the Intense God {rElec rPois rC+
                  | Str+4}
  2762 | D:4      | Reached skill level 5 in Polearms
  2860 | D:4      | Found a radiant altar of Vehumet.
  2885 | D:4      | Reached XP level 6. HP: 7/48 MP: 6/6
  3219 | D:4      | Reached skill level 5 in Fighting
  3391 | D:4      | Your scales start taking on a glossy black colour.
  3391 | D:4      | Reached XP level 7. HP: 16/61 MP: 7/7
  3391 | D:4      | Gained mutation: You are resistant to electric shocks.
                  | (rElec) [Black Draconian growth]
  3680 | D:5      | Entered Level 5 of the Dungeon
  3744 | D:5      | Reached skill level 6 in Polearms
  3945 | D:5      | Found a glowing golden altar of the Shining One.
  3993 | D:5      | Found Boocsi's General Store.
  3999 | D:5      | Identified the amulet "Robetherch" {Spirit +Inv Str+2 Int+2
                  | Dex+2}
  4496 | D:6      | Found a staircase to the Ecumenical Temple.
  4551 | D:6      | Reached XP level 8. HP: 64/70 MP: 6/8
  4680 | D:6      | Noticed Pikel
  4718 | D:6      | Killed Pikel
  4719 | D:6      | Reached skill level 7 in Polearms
  4719 | D:6      | Reached skill level 5 in Dodging
  5026 | D:6      | Reached skill level 8 in Polearms
  5053 | D:6      | Reached *** piety under Trog
  5189 | D:6      | Killed an unseen horror
  5888 | D:7      | Reached XP level 9. HP: 73/79 MP: 9/9
  6000 | D:7      | Reached skill level 9 in Polearms
  6107 | D:7      | Found a sand-covered staircase.
  6112 | Ossuary  | Entered an ossuary
  6695 | D:7      | Noticed a red ugly thing
  6723 | D:7      | Killed a red ugly thing
  6985 | D:7      | Reached **** piety under Trog
  7193 | D:7      | Reached XP level 10. HP: 82/88 MP: 8/10
  7315 | D:8      | Found Wuxzab's General Store.
  7362 | D:8      | Reached skill level 10 in Polearms
  7651 | D:8      | Found a runed translucent gate.
  7651 | D:8      | Found a runed translucent gate.
  7651 | D:8      | Noticed jurchenman's ghost (novice DEFE)
  7653 | D:8      | Found a runed translucent gate.
  7733 | D:8      | Found Xafoew's Distillery.
  7746 | D:8      | Found a flagged portal.
  7746 | D:8      | Noticed Erica
  7753 | D:8      | Killed Erica
  7791 | Bailey   | Entered a bailey
  7970 | Bailey   | Noticed an orc knight
  8001 | Bailey   | Killed an orc knight
  8002 | Bailey   | Reached skill level 11 in Polearms
  8230 | D:8      | Found Kyab Ohui's Magic Scroll Shoppe.
  8788 | D:8      | Killed jurchenman's ghost
  9137 | D:9      | Reached XP level 11. HP: 94/94 MP: 11/11
  9474 | D:9      | Reached skill level 12 in Polearms
 10462 | D:10     | Entered Level 10 of the Dungeon
 10468 | D:10     | Noticed a two-headed ogre
 10474 | D:10     | Found a shadowy altar of Dithmenos.
 10552 | D:10     | Noticed a boulder beetle
 10736 | D:11     | Reached skill level 10 in Fighting
 10768 | D:11     | Noticed Harold
 10784 | D:11     | Killed Harold
 10785 | D:11     | Reached skill level 5 in Stealth
 10828 | D:11     | Noticed Erolcha
 10851 | D:11     | Killed Erolcha
 10884 | D:11     | Identified the +4 trident "Omnosuad" {flame, SInv}
 10884 | D:11     | Noticed a boulder beetle
 10930 | D:11     | Killed a boulder beetle
 10931 | D:11     | Reached skill level 13 in Polearms
 10943 | D:11     | Noticed Snorg
 10953 | D:11     | Killed Snorg
 10962 | D:11     | Found Xueliam's Magic Scroll Boutique.
 11058 | D:11     | Found a gate leading to a gauntlet.
 11063 | Gauntlet | Entered a Gauntlet
 11063 | Gauntlet | Found a transporter.
 11063 | Gauntlet | Found a transporter.
 11063 | Gauntlet | Found a transporter.
 11185 | Gauntlet | Found a transporter.
 11190 | Gauntlet | Reached skill level 10 in Dodging
 11190 | Gauntlet | Reached XP level 12. HP: 108/108 MP: 12/12
 11297 | Gauntlet | Found a transporter.
 11297 | Gauntlet | Found a transporter.
 11356 | Gauntlet | Found a transporter.
 11356 | Gauntlet | Noticed a death yak
 11356 | Gauntlet | Noticed a death yak
 11358 | Gauntlet | Noticed a death yak
 11362 | Gauntlet | Noticed a death yak
 11364 | Gauntlet | Identified the +0 robe of Raipikheh {+Inv SInv}
 11368 | Gauntlet | Identified the ring of Coul {rF+ rN+ Int+2}
 11373 | Gauntlet | Noticed a death yak
 11373 | Gauntlet | Found a transporter.
 11388 | Gauntlet | Identified the +0 chain mail of Contentment {rF+ rC+ Str+4}
 11388 | Gauntlet | Noticed a minotaur
 11406 | Gauntlet | Killed a minotaur
 11421 | Gauntlet | Identified the +0 pair of gloves of the Distant Future
                  | {Contam Rampage rElec Str+7}
 11793 | D:12     | Found a staircase to the Orcish Mines.
 11965 | D:12     | Noticed a boulder beetle
 11999 | D:12     | Killed a boulder beetle
 12206 | D:12     | Reached skill level 14 in Polearms
 12838 | D:13     | Noticed Azrael
 12838 | D:13     | Noticed a two-headed ogre
 12848 | D:13     | Killed Azrael
 12860 | D:13     | Killed a two-headed ogre
 13029 | D:13     | Found a huge runed gate.
 13029 | D:13     | Found a huge runed gate.
 13029 | D:13     | Found a huge runed gate.
 13029 | D:13     | Found a huge runed gate.
 13029 | D:13     | Found a huge runed gate.
 13029 | D:13     | Found a huge runed gate.
 13029 | D:13     | Found a huge runed gate.
 13029 | D:13     | Found a huge runed gate.
 13030 | D:13     | Found a huge runed gate.
 13030 | D:13     | Found a huge runed gate.
 13038 | D:13     | Found a huge runed gate.
 13038 | D:13     | Found a huge runed gate.
 13038 | D:13     | Found a huge runed gate.
 13038 | D:13     | Found a huge runed gate.
 13038 | D:13     | Found a huge runed gate.
 13138 | D:13     | Noticed a tengu warrior
 13150 | D:13     | Killed a tengu warrior
 13221 | D:13     | Noticed a vault guard
 13221 | D:13     | Noticed a vault guard
 13222 | D:13     | Found a gate to the Vaults.
 13222 | D:13     | Noticed a vault guard
 13222 | D:13     | Noticed a vault guard
 13222 | D:13     | Noticed a vault guard
 13222 | D:13     | Noticed a vault guard
 13222 | D:13     | Noticed a vault guard
 13224 | D:13     | Noticed a vault guard
 13229 | D:13     | Killed a vault guard
 13230 | D:13     | Reached XP level 13. HP: 118/118 MP: 11/13
 13447 | D:14     | You fall into a shaft and drop 1 floor!
 13447 | D:15     | Entered Level 15 of the Dungeon
 13518 | D:15     | Reached skill level 15 in Polearms
 13655 | D:15     | Noticed an ettin
 13665 | D:15     | Killed an ettin
 13794 | D:15     | Reached ***** piety under Trog
 14424 | D:15     | Found a staircase to the Depths.
 15447 | D:14     | Identified the ring of Cituc {*Slow rF+ rCorr Int-5 Slay+4}
 15506 | D:14     | Gained mutation: Your large and strong wings let you fly.
                  | [Black Draconian growth]
 15506 | D:14     | Reached XP level 14. HP: 44/132 MP: 8/14
 16321 | D:13     | Found a huge runed gate.
 16321 | D:13     | Found a huge runed gate.
 16321 | D:13     | Found a huge runed gate.
 16321 | D:13     | Found a huge runed gate.
 16322 | D:13     | Found a huge runed gate.
 16323 | D:13     | Found a huge runed gate.
 16324 | D:13     | Found a huge runed gate.
 16325 | D:13     | Found a huge runed gate.
 16326 | D:13     | Found a huge runed gate.
 16334 | D:13     | Found a huge runed gate.
 16334 | D:13     | Found a huge runed gate.
 16334 | D:13     | Found a huge runed gate.
 16334 | D:13     | Found a huge runed gate.
 16334 | D:13     | Found a huge runed gate.
 16334 | D:13     | Found a huge runed gate.
 16335 | D:13     | Found a huge runed gate.
 16343 | D:13     | Found a huge runed gate.
 16348 | D:13     | Noticed a tengu reaver
 16348 | D:13     | Noticed a fire giant
 16348 | D:13     | Noticed a frost giant
 16348 | D:13     | Noticed a tengu reaver
 16349 | D:13     | Noticed a fire giant
 16924 | D:10     | Noticed a fire giant
 16930 | D:10     | Identified the +0 sling "Quit" {freeze, rC+}
 16946 | D:10     | Killed a fire giant
 17234 | D:10     | Found a staircase to the Lair.
 17252 | D:10     | Found a runed translucent door.
 17289 | D:10     | Found Zin's Purification Station.
 17290 | D:10     | Found a glowing silver altar of Zin.
 17480 | D:10     | Found a runed translucent door.
 17592 | D:10     | Reached skill level 1 in Shields
 17739 | Lair:1   | Entered Level 1 of the Lair of Beasts
 17853 | Lair:1   | Found a runed translucent gate.
 17854 | Lair:1   | Found a runed translucent gate.
 17854 | Lair:1   | Found a runed translucent gate.
 17855 | Lair:1   | Noticed yolmi's ghost (journeyman MiBe)
 17859 | Lair:1   | Found a viscous altar of Jiyva.
 17871 | Lair:1   | Killed yolmi's ghost
 17894 | Lair:1   | Identified the +1 rapier of Blood {antimagic, rC+ Int-3
                  | Dex+5}
 18466 | Lair:1   | Reached skill level 16 in Polearms
 18755 | Lair:1   | Reached skill level 15 in Fighting
 18900 | Lair:2   | Received a gift from Trog
 20410 | Lair:3   | Identified the +3 glaive of Foolhardiness {flame, Fly rF+
                  | Will- Stlth+} (Trog gifted it to you on level 3 of the Lair
                  | of Beasts)
 20410 | Lair:3   | Received a gift from Trog
 20470 | Lair:3   | Found a staircase to the Snake Pit.
 21020 | Lair:3   | Found a staircase to the Swamp.
 21027 | Lair:3   | Reached XP level 15. HP: 141/141 MP: 15/15
 21564 | Lair:4   | Reached ****** piety under Trog
 21898 | Lair:4   | Received a gift from Trog
 22072 | Lair:4   | Found a staircase to the Slime Pits.
 22072 | Lair:4   | Found a viscous altar of Jiyva.
 22345 | Lair:5   | Entered Level 5 of the Lair of Beasts
 22396 | Lair:5   | Reached skill level 5 in Shields
 22468 | Lair:5   | Identified the +6 glaive of Arphyim {flame, Str+3 Dex+3}
 23126 | Lair:5   | Received a gift from Trog
 23262 | Lair:5   | Reached skill level 17 in Polearms
 23830 | Lair:5   | Identified the +6 halberd of Seikain {heavy, rElec rF+++
                  | rC- Dex-2} (Trog gifted it to you on level 5 of the Lair of
                  | Beasts)
 23830 | Lair:5   | Received a gift from Trog
 24567 | Orc:1    | Entered Level 1 of the Orcish Mines
 24578 | Orc:1    | Reached XP level 16. HP: 139/151 MP: 14/16
 25033 | Orc:2    | Entered Level 2 of the Orcish Mines
 25263 | Orc:2    | Reached skill level 15 in Dodging
 25476 | Orc:2    | Found Aacuim's Alliterative Accessories.
 25502 | Orc:2    | Bought a manual of Axes for 1040 gold pieces
 25517 | Orc:2    | Found a staircase to the Elven Halls.
 25545 | Orc:2    | Found Xiora's Armour Emporium.
 25562 | Orc:2    | Found a runed translucent door.
 25563 | Orc:2    | Found a shimmering altar of Xom.
 25563 | Orc:2    | Noticed PoweredByGinger's ghost (journeyman MiGl)
 25563 | Orc:2    | Found the +3 Mad Mage's Maulers {Infuse+∞ VampMP -Cast}
 25575 | Orc:2    | Killed PoweredByGinger's ghost
 25820 | Orc:2    | Received a gift from Trog
 25855 | Orc:1    | Found Pediask's Antique Weapon Shoppe.
 26789 | Orc:2    | Found Foruekisch's General Store.
 26789 | Orc:2    | Found Narasou's Book Shoppe.
 26790 | Orc:2    | Found Hoprafiw's Book Emporium.
 26790 | Orc:2    | Found Mualueh's Assorted Antiques.
 27184 | Snake:1  | Entered Level 1 of the Snake Pit
 27205 | Snake:1  | Reached skill level 18 in Polearms
 28956 | Snake:2  | Found Peuxed's Book Boutique.
 28956 | Snake:2  | Found Ralyutot's Jewellery Emporium.
 28957 | Snake:2  | Found Yguhave's Jewellery Emporium.
 29502 | Snake:3  | Reached XP level 17. HP: 40/161 MP: 0/17
 29805 | Snake:3  | Received a gift from Trog
 29843 | Snake:3  | Reached skill level 19 in Polearms
 30386 | Snake:3  | HP: 8/162 [naga sharpshooter/bolt (11)]
 30937 | Snake:3  | Found a shimmering altar of Xom.
 31094 | Snake:4  | Entered Level 4 of the Snake Pit
 31378 | Snake:4  | Received a gift from Trog
 31888 | Snake:4  | HP: 9/235 [naga sharpshooter/arrow (6)]
 31889 | Snake:4  | HP: 2/235 [nagaraja/poison arrow (8)]
 31890 | Snake:4  | Succumbed to a nagaraja's poison arrow

Illustrated notes

Levels and vault maps discovered:
D:1:      dpeg_arrival_tiny_i, layout_basic
D:2:      layout_rooms, minmay_misc_feat_ornament
D:3:      layout_loops_cross, uniq_natasha
D:4:      layout_cave_pools, mainiacjoe_overflow_surrounded_room,
          serial_bayou_lagoon_a, minmay_manual_mares
D:5:      cheibrodos_iron_armory, layout_cave_pools, lemuel_doored_altar,
          serial_shops, shop, nrook_pool_corridor, serial_park_tiny_2
D:6:      layout_loops_cross, minmay_temple_entry_ruins,
          serial_co_window_serial, co_window_paths_a, co_window_corner_a,
          co_window_corner_a, co_window_corner_a, co_window_paths_a,
          co_window_broadway_a, co_window_broadway_b, co_window_cross_4,
          co_window_2corner, co_window_2corner, glass_columns_a,
          glass_columns_a, glass_columns_b, glass_columns_a, uniq_pikel
D:7:      layout_gridville, enter_ossuary_5, chequers_serial_rivers_micro_b,
          minmay_manual_moon
D:8:      layout_basic, serial_shops, shop, shop, nicolae_shop_peninsula,
          gammafunk_ghost_nasty_kobolds, enter_bailey_5, uniq_erica
D:9:      layout_roguey, serial_bayou, serial_bayou_shore_a,
          serial_bayou_pond_c, serial_bayou_shore_b, serial_bayou_pond_c
D:10:     minmay_the_grid_four_pointed_star_mashed
          [minmay_the_grid_triangle_9x9_tough_junction,
          minmay_the_grid_triangle_9x9_semitri,
          minmay_the_grid_triangle_9x9_empty,
          minmay_the_grid_triangle_9x9_warning,
          minmay_the_grid_prize_diamond_cup], layout_cross,
          grunt_dithmenos_smoke_and_mirrors, zin_purify,
          hangedman_decor_opposing
D:11:     layout_roguey, serial_shops, shop, gauntlet_entry_generic,
          serial_park_tiny_1, uniq_harold, uniq_snorg, uniq_erolcha
D:12:     layout_rooms
D:13:     layout_gridville, erik_vaults_2, door_vault, uniq_azrael
D:14:     layout_rooms, portal_ice_cave_entry_ice_simulacra
D:15:     hangedman_depths_entry_civil_slaughter, layout_basic,
          nicolae_hexahallways
Lair:1:   layout_cave_pods, serial_forest, infiniplex_forest_straight_5,
          infiniplex_forest_end_2, infiniplex_forest_straight_3,
          infiniplex_forest_straight_3, infiniplex_forest_straight_3,
          infiniplex_forest_lined_room_2, gammafunk_ghost_ooze, pond
Lair:2:   lemuel_ratsnest, layout_gridlike
Lair:3:   beast_lair_carwin_large_3, layout_long_grid, minmay_swamp_entry_worms,
          minmay_snake_entry_six_corridors
Lair:4:   layout_cave_shapes, slime_entry_1, minivault_24, nicolae_lair_lil_pond
Lair:5:   hangedman_lair_tendril_chambers, layout_regular_city,
          hangedman_lair_caniforms_friends, nicolae_lair_grove_arrangements,
          lemuel_fruit_tree
Snake:1:  layout_rooms
Snake:2:  layout_grid_shapes, minmay_shop_grove
Snake:3:  nicolae_snake_shooting_gallery, layout_grid_maze, basic_altar,
          guppyfry_snake_island
Snake:4:  snake_pit, layout_cave_pods, hangedman_venom_bottle
Orc:1:    layout_caves, serial_shops, nicolae_shop_statue_plus
Orc:2:    st_orc_pillars, layout_caves, ebering_ghost_xom, serial_shops,
          nicolae_shop_pleasant_corner_grove, nicolae_alphabet_shops

Skill      XL: |  1  2  3  4  5  6  7  8  9 10 11 12 13 14 15 16 17 |
---------------+----------------------------------------------------+-----
Dodging        | 3 4 5 7 8 10 11 12 13 14 15 16 | 16.4
Fighting       | 4 5 7 8 9 10 12 14 15 16 17 | 17.9
Polearms       | 4 5 6 8 9 11 13 14 15 16 17 18 19 | 19.6
Stealth        | 1 2 3 4 5 6 7 8 9 |  9.0
Shields        | 3 5 |  5.3
Throwing       | |  0.2

Action                     |  1- 3 |  4- 6 |  7- 9 | 10-12 | 13-15 | 16-18 || total
---------------------------+-------+-------+-------+-------+-------+-------++-------
  Melee: Spear             |   124 |   126 |   328 |       |       |       ||   578
         Tailslap          |    19 |    16 |    47 |    96 |   258 |   108 ||   544
         Punch             |     2 |     1 |     5 |    12 |     5 |       ||    25
         Trident           |       |       |    18 |   643 |  1053 |       ||  1714
         Glaive            |       |       |       |       |   286 |   701 ||   987
  Throw: Throwing net      |       |     2 |       |       |       |       ||     2
 Invoke: Berserk           |       |     4 |     7 |    15 |    12 |    16 ||    54
         Trog's Hand       |       |       |       |     3 |       |     8 ||    11
         Brothers in Arms  |       |       |       |     2 |       |     1 ||     3
    Use: Scroll            |     3 |     3 |     9 |    14 |     8 |     4 ||    41
         Potion            |       |       |       |     6 |     1 |     5 ||    12
   Stab: Sleeping          |     2 |     2 |     2 |     6 |    20 |     9 ||    41
         Distracted        |       |       |       |     1 |     6 |     6 ||    13
 Armour: Skin              |    33 |    67 |   133 |   287 |   423 |   219 ||  1162
  Dodge: Dodged            |    79 |   103 |   232 |   466 |  1471 |  1131 ||  3482
  Block: Buckler           |       |       |       |       |   306 |       ||   306
